 Dungeon Crawl Stone Soup version 0.30.1-3-gfc49f6343a (webtiles) character file.

Game seed: 12943405892317128490

61082 thetitan555 the Severer (level 14, -6/135 HPs)
             Began as a Minotaur Berserker on July 20, 2023.
             Was a High Priest of Trog.
             Mangled by a spark wasp (shapeshifter) (17 damage)
             ... on level 15 of the Dungeon.
             The game lasted 01:51:03 (24530 turns).

thetitan555 the Severer (Minotaur Berserker)       Turns: 24530, Time: 01:51:03

Health: -6/135     AC: 28    Str: 26    XL:     14   Next: 59%
Magic:  4/4        EV: 15    Int:  7    God:    Trog [*****.]
Gold:   128        SH:  0    Dex: 17    Spells: 13/13 levels left

rFire   + . .        r - +6 battleaxe (antimagic)
rCold   . . .        (shield currently unavailable)
rNeg    . . .        V - +2 plate armour {rF+}
rPois   .            P - +2 hat {Int+3}
rElec   .            (no cloak)
rCorr   .            c - +2 pair of gloves
SInv    .            (no boots)
Will    +....        (no amulet) Stlth
                     j - +4 ring of protection
HPRegen 0.42/turn    q - +6 ring of dexterity
MPRegen 0.09/turn

%: no passive effects
@: about to teleport, studying 2 skills
A: horns 2, retaliatory headbutt
a: Renounce Religion, Berserk, Trog's Hand, Brothers in Arms


You were on level 15 of the Dungeon.
You worshipped Trog.
Trog was extremely pleased with you.
You visited 3 branches of the dungeon, and saw 19 of its levels.
You visited 1 bazaar.

You collected 2108 gold pieces.
You spent 1980 gold pieces at shops.

Inventory:

Hand Weapons
 r - a +6 antimagic battleaxe (weapon)
 H - a +0 broad axe of protection
 L - a +1 war axe of flaming
 S - a +1 antimagic executioner's axe
Missiles
 A - 6 throwing nets
 N - 5 silver javelins
Armour
 c - a +2 pair of gloves (worn)
 k - a +1 ring mail of willpower
 P - a +2 hat of intelligence (worn)
 V - a +2 plate armour of fire resistance (worn)
Jewellery
 a - a ring of ice
 d - a ring of protection from fire
 j - a +4 ring of protection (left hand)
 q - a +6 ring of dexterity (right hand)
 C - a +6 ring of dexterity
 W - a ring of fire
Wands
 e - a wand of paralysis (16)
 t - a wand of mindburst (10) (quivered)
 w - a wand of roots (19)
 B - a wand of digging (4)
 E - a wand of polymorph (7)
 J - a wand of acid (11)
 Q - a wand of flame (14)
Scrolls
 p - 3 scrolls of poison
 s - 5 scrolls of enchant weapon
 D - 9 scrolls of teleportation
 F - 4 scrolls of fog
 I - 5 scrolls of identify
 M - 2 scrolls of fear
 X - a scroll of blinking
Potions
 f - 2 potions of flight
 g - 4 potions of lignification
 h - 4 potions of degeneration
 i - 11 potions of curing
 n - 2 potions of invisibility
 o - 2 potions of ambrosia
 u - a potion of haste
 v - a potion of might
 z - 5 potions of mutation
 G - a potion of magic
 O - 2 potions of resistance
 T - a potion of berserk rage
 Y - a potion of brilliance
 Z - a potion of attraction


   Skills:
 + Level 15.1 Fighting
 + Level 16.7 Axes
 + Level 14.9 Armour
 + Level 15.2 Dodging
 + Level 7.8 Evocations


You had 13 spell levels left.
You didn't know any spells.
Your spell library was empty.

Dungeon Overview and Level Annotations

Branches:
Dungeon (15/15)            Temple (0/1) D:7            Lair (2/5) D:11
  Swamp (0/4) Lair:2       Spider (0/4) Lair:2          Orc (2/2) D:10
    Elf (0/3) Orc:2        Vaults (0/5) D:14
 Depths: D:15

Altars:
Cheibriados
Elyvilon
Hepliaklqana
Qazlal
Ru
The Shining One

Shops:
D:1 *=   D:4 :   Orc:2 ([[*

Annotations:
D:15 Agnes
Orc:1 1 runed translucent door


Innate Abilities, Weirdness & Mutations

You have a pair of horns on your head.
You reflexively headbutt those who attack you in melee.


Message History

Agnes is moderately wounded.
Agnes hits you with a +5 lajatang of distortion.
Space warps horribly around you!
Agnes hits you with a +5 lajatang of distortion!!
You blink.
A skeletal warrior, a two-headed ogre and an ice dragon come into view.
You barely miss Agnes. You headbutt Agnes!
Agnes is heavily wounded.
A skeletal warrior comes into view. It is wielding a +0 scimitar.
Agnes hits you with a +5 lajatang of distortion.
Space warps horribly around you.
You slice Agnes!! Your headbutt misses Agnes.
Agnes is severely wounded.
Agnes hits you with a +5 lajatang of distortion!!
Space warps around you.
A skeletal warrior comes into view. It is wielding a +0 battleaxe.
Agnes hits you with a +5 lajatang of distortion!
Space warps around you.
You miss Agnes. Your headbutt misses Agnes.
Agnes is severely wounded.
Agnes barely misses you.
You completely miss Agnes.
Agnes is severely wounded.
You slash the two-headed ogre!
Agnes hits you with a +5 lajatang of distortion!
You blink.
A skeletal warrior comes into view. It is wielding a +0 scimitar.
The ice dragon breathes frost at you. The blast of cold hits you!!!
* * * LOW HITPOINT WARNING * * *
You feel much better.
The ice dragon changes into a spark wasp!
The two-headed ogre hits you with a +0 giant club.
* * * LOW HITPOINT WARNING * * *
The two-headed ogre closely misses you.
As you read the scroll of teleportation, it crumbles to dust.
You feel strangely unstable. The spark wasp stings you!
* * * LOW HITPOINT WARNING * * *
The spark wasp shocks you!
You die...

#.#####...## ##.....##
#........## ##...##
#######.## #+## #
#####.##### # ..
#.........# .#... #
###.###.###.#####.....
###8#.# #.#
#.##.z...... ......#
#.###.##.yz...z.
......# #.....iO@#
......# #####ยง####
###8#.# #.# #
###.#######.#
#.........#
###########


You could see Agnes, a spark wasp shaped shifter, 3 skeletal warriors and a
two-headed ogre.

Vanquished Creatures
  Gastronok (Lair:1)
  2 orc warlords (Orc:2)
  Josephine (D:12)
  An ettin (Orc:1)
  Harold (Lair:1)
  An ice dragon (shapeshifter) (D:14)
  5 vault guards (D:14)
  A hydra (Lair:2)
  Erica (D:10)
  2 boulder beetles (D:12)
  3 ogre magi
  4 centaur warriors
  A tengu warrior (D:13)
  A catoblepas (D:13)
  8 two-headed ogres
  Sonja (Lair:1)
  A skyshark (Lair:2)
  The ghost of Kranky the Trooper, a novice DsGl (D:7)
  3 skeletal warriors (D:14)
  3 orc knights (Orc:2)
  2 deep elf pyromancers (D:14)
  A wizard (D:13)
  4 manticores
  5 orc sorcerers
  2 ugly things (D:13)
  6 cyclopes
  A black mamba (Lair:1)
  4 elephants (Lair:1)
  3 gargoyles
  Maggie (D:10)
  4 komodo dragons
  2 cane toads (Lair:1)
  2 kobold demonologists (D:13)
  2 unseen horrors
  A rime drake (Lair:2)
  A tengu conjurer (D:14)
  A polar bear (Lair:1)
  4 trolls
  3 meliai (D:15)
  2 culicivoras (Lair:2)
  4 slime creatures (D:15)
  A shadow (D:13)
  5 wraiths
  A vampire (D:12)
  2 steam dragons
  34 yaks
  2 wyverns
  A redback (Lair:2)
  2 humans (D:14)
  10 vampire mosquitoes
  4 wargs (Orc:2)
  10 water moccasins
  35 orc warriors
  2 black bears
  A sky beast (D:7)
  6 wolves (Lair:2)
  10 ogres
  13 centaurs
  2 phantoms
  2 kobold brigands
  6 bullfrogs
  2 gnoll sergeants
  A scorpion (D:5)
  4 wights (D:8)
  11 killer bees (D:9)
  An electric eel (D:7)
  A crimson imp (D:13)
  2 jellies
  3 hounds
  25 orc priests
  4 gnoll boudas
  A sleepcap (D:5)
  6 iguanas
  22 orc wizards
  31 gnolls
  7 adders
  3 shadow imps
  An ufetubus (D:6)
  A worm (D:2)
  6 dart slugs
  107 orcs
  7 ball pythons
  10 endoplasms
  7 giant cockroaches
  13 goblins
  4 hobgoblins
  5 jackals
  A quokka (D:1)
  3 bats (D:1)
  3 frilled lizards
  26 kobolds
  5 rats
569 creatures vanquished.

Vanquished Creatures (collateral kills)
  An orc sorcerer (Orc:2)
1 creature vanquished.

Grand Total: 570 creatures vanquished

Notes
Turn   | Place    | Note
-------+----------+-------------------------------------------
     0 | D:1      | thetitan555 the Minotaur Berserker began the quest for the
                  | Orb.
     0 | D:1      | Reached XP level 1. HP: 19/19 MP: 0/0
    88 | D:1      | Reached XP level 2. HP: 27/27 MP: 1/1
   151 | D:1      | Found Nuleonuu's Jewellery Shop.
   235 | D:1      | Found Xymank's Assorted Antiques.
   510 | D:1      | Reached skill level 4 in Axes
   817 | D:2      | Reached ** piety under Trog
   818 | D:2      | Reached XP level 3. HP: 33/33 MP: 2/2
  1743 | D:3      | Reached XP level 4. HP: 41/41 MP: 3/3
  1788 | D:3      | You fall into a shaft and drop 3 floors!
  1804 | D:6      | Noticed a phantom
  1816 | D:6      | Killed a phantom
  1817 | D:6      | Reached XP level 5. HP: 47/47 MP: 4/4
  1884 | D:6      | Found a snail-covered altar of Cheibriados.
  1977 | D:6      | Noticed a black bear
  1984 | D:6      | Killed a black bear
  1985 | D:6      | Reached skill level 5 in Fighting
  1985 | D:6      | Reached skill level 5 in Axes
  1985 | D:6      | Reached XP level 6. HP: 56/56 MP: 5/5
  2459 | D:6      | Noticed a steam dragon
  2465 | D:6      | Reached skill level 5 in Armour
  2465 | D:6      | Reached XP level 7. HP: 62/62 MP: 6/6
  2472 | D:6      | Killed a steam dragon
  2473 | D:6      | Reached skill level 6 in Axes
  2693 | D:6      | Reached skill level 5 in Dodging
  3220 | D:7      | Found a hazy altar of Hepliaklqana.
  3235 | D:7      | Reached XP level 8. HP: 71/71 MP: 7/7
  3294 | D:7      | Identified the +1 ring mail of Contumacious Curiosity
                  | {-Cast Regen+ rCorr Dex+7}
  3341 | D:7      | Reached *** piety under Trog
  3449 | D:7      | Reached skill level 7 in Axes
  3501 | D:7      | Identified the +7 spear of an ice cave {freeze, rN+ Str+3}
  3825 | D:7      | Found a sacrificial altar of Ru.
  3947 | D:7      | Found a large runed translucent door.
  3947 | D:7      | Found a large runed translucent door.
  3952 | D:7      | Noticed Kranky's ghost (novice DsGl)
  3973 | D:7      | Killed Kranky's ghost
  4033 | D:7      | Found a staircase to the Ecumenical Temple.
  4112 | D:7      | Reached XP level 9. HP: 77/81 MP: 8/8
  4632 | D:5      | Entered Level 5 of the Dungeon
  4637 | D:5      | Reached skill level 8 in Axes
  4745 | D:4      | Found Agumaate's Self-Improvement Boutique.
  6473 | D:5      | Reached **** piety under Trog
  6870 | D:8      | Reached skill level 9 in Axes
  7109 | D:8      | Reached XP level 10. HP: 91/91 MP: 9/9
  7159 | D:8      | Found a stormy altar of Qazlal.
  8389 | D:9      | Reached skill level 10 in Fighting
  8431 | D:9      | Reached skill level 10 in Axes
  9015 | D:9      | Found a glowing golden altar of the Shining One.
  9112 | D:9      | Reached skill level 10 in Armour
  9363 | D:10     | Entered Level 10 of the Dungeon
  9390 | D:10     | Noticed Erica
  9409 | D:10     | Killed Erica
  9410 | D:10     | Reached XP level 11. HP: 101/101 MP: 10/10
  9556 | D:10     | Reached skill level 11 in Axes
  9586 | D:10     | Reached ***** piety under Trog
  9586 | D:10     | Noticed Maggie
  9644 | D:10     | Killed Maggie
  9645 | D:10     | Reached skill level 10 in Dodging
 10581 | D:11     | Found a staircase to the Lair.
 10704 | D:10     | Identified the +5 ring mail "Maungoga" {Str-5 Int+4 Dex+4}
 10750 | D:10     | Reached skill level 1 in Evocations
 10778 | D:10     | Found a white marble altar of Elyvilon.
 10829 | D:10     | Found a staircase to the Orcish Mines.
 11361 | Lair:1   | Entered Level 1 of the Lair of Beasts
 11364 | Lair:1   | Noticed Gastronok
 11379 | Lair:1   | Killed Gastronok
 11381 | Lair:1   | Reached skill level 12 in Axes
 11441 | Lair:1   | Noticed Harold
 11458 | Lair:1   | Killed Harold
 11827 | Lair:1   | Noticed Sonja
 11841 | Lair:1   | Killed Sonja
 11842 | Lair:1   | Reached XP level 12. HP: 112/112 MP: 11/11
 11955 | Lair:1   | Received a gift from Trog
 13869 | Lair:2   | Noticed an eight-headed hydra
 13884 | Lair:2   | Killed a two-headed hydra
 14040 | Lair:2   | Found a staircase to the Swamp.
 14253 | Lair:2   | Found a hole to the Spider Nest.
 14676 | D:12     | Identified the +0 scale mail "Jeohiymo" {Int+2}
 14791 | D:12     | Noticed a boulder beetle
 14826 | D:12     | Killed a boulder beetle
 15106 | D:12     | Reached skill level 13 in Axes
 15311 | D:12     | Noticed a boulder beetle
 15340 | D:12     | Killed a boulder beetle
 15755 | D:12     | Noticed Josephine
 15762 | D:12     | Killed Josephine
 16200 | Orc:1    | Entered Level 1 of the Orcish Mines
 16201 | Orc:1    | Noticed an ettin
 16216 | Orc:1    | Killed an ettin
 16217 | Orc:1    | Reached skill level 5 in Evocations
 16217 | Orc:1    | Reached XP level 13. HP: 75/122 MP: 12/12
 16549 | Orc:1    | Found a runed translucent door.
 16552 | Orc:1    | Noticed a balrug
 16775 | D:10     | Identified a scroll of acquirement
 17023 | D:4      | Bought a manual of Axes for 1040 gold pieces
 17023 | D:4      | Acquired a manual of Dodging
 17152 | Orc:2    | Entered Level 2 of the Orcish Mines
 17177 | Orc:2    | Noticed an orc warlord
 18052 | Orc:2    | Found Ubywk's General Store.
 18215 | Orc:2    | Killed an orc warlord
 18216 | Orc:2    | Reached skill level 14 in Axes
 18376 | Orc:2    | Found a staircase to the Elven Halls.
 18780 | Orc:2    | Noticed an orc warlord
 18823 | Orc:2    | Killed an orc warlord
 19011 | Orc:2    | Found Louliwil's Antique Armour Shoppe.
 19030 | Orc:2    | Found Otaargh's Antique Weapon Emporium.
 19048 | Orc:2    | Bought a runed battleaxe for 342 gold pieces
 19118 | Orc:2    | Received a gift from Trog
 19340 | Orc:2    | Reached skill level 15 in Axes
 19344 | Orc:2    | Found Xonupeel's Armour Shop.
 20752 | Orc:2    | Bought a glowing plate armour for 598 gold pieces
 21326 | D:13     | Reached XP level 14. HP: 118/133 MP: 4/13
 22323 | D:14     | Found a transporter.
 22329 | D:14     | Found a transporter.
 22715 | D:14     | Found a flickering gateway to a bazaar.
 22726 | D:14     | Reached skill level 16 in Axes
 22743 | Bazaar   | Entered a bazaar
 22747 | Bazaar   | Found Wonnuzo's Jewellery Emporium.
 22755 | Bazaar   | Found Nuesodgh's Magic Scroll Boutique.
 22796 | Bazaar   | Found Gilithi's Jewellery Shoppe.
 22804 | Bazaar   | Found Vutib's Jewellery Shop.
 23074 | D:14     | Found a gate to the Vaults.
 23084 | D:14     | Received a gift from Trog
 23085 | D:14     | Reached skill level 15 in Fighting
 23121 | D:14     | Found a transporter.
 23125 | D:14     | Reached skill level 15 in Dodging
 23275 | D:14     | Found a transporter.
 23588 | D:15     | Entered Level 15 of the Dungeon
 23688 | D:15     | HP: 4/135 [very large slime creature (26)]
 24005 | D:15     | Identified the +1 flail of the Equator {holy, rF+ Will+}
 24521 | D:15     | Noticed Agnes
 24530 | D:15     | Mangled by a spark wasp (shapeshifter)

Illustrated notes

Levels and vault maps discovered:
D:1:      matt_arrival_grand_opening, layout_basic, serial_shops, shop,
          nicolae_shop_back_alley_shop
D:2:      layout_basic
D:3:      layout_basic
D:4:      layout_basic, portal_sewer_entry_b, nicolae_shop_self_help
D:5:      minmay_chambers_of_threes, layout_rooms
D:6:      layout_loops_cross, cheibriados_altar_1,
          amcnicky_mini_rare_corridor_liquid, roderic_lattice_a,
          kennysheep_flooded_box, nrook_mini_vaults
D:7:      hellmonk_destroyed_diamonds, layout_layer_cave,
          overflow_temple_1_default, mainiacjoe_overflow_catwalk,
          minmay_temple_entry_poolview, ebering_ghost_disaster_area,
          serial_bayou_ford_a
D:8:      layout_loops_corners, grunt_qazlal_sundering, centaur_isle
D:9:      layout_cave_pods, nicolae_tso_swordbearing_angel
D:10:     layout_big_octagon, lemuel_doored_altar, david_orc_5, enter_bailey_3,
          uniq_maggie, uniq_erica
D:11:     layout_loops_ring, lair_entry_dummy, chequers_serial_rivers_large_a,
          item_on_display_a
D:12:     layout_roguey, kennysheep_decorative_pillar, uniq_josephine
D:13:     layout_loops_ring, lightli_wizard_tower
D:14:     layout_loops_corners, grunt_vaults_entry_fortified, serial_shops,
          bzr_entry_lakeside, nicolae_transporter_intersection
D:15:     grunt_enter_depths_magical_seal, layout_loops_corners,
          corexii_hall_statues_x, hive_lemuel, uniq_agnes
Lair:1:   layout_regular_city, uniq_harold, uniq_sonja, uniq_gastronok
Lair:2:   layout_cave_pods, minmay_swamp_entry_reptiles,
          spider_nest_entry_funnel_web, grunt_megastairs_2
Orc:1:    dreamdust_dug_too_deep, layout_caves
Orc:2:    grunt_orc_community_town_hall, layout_caves,
          grunt_orc_community_big_house_1, grunt_orc_community_big_house_2,
          grunt_orc_community_house_2, grunt_orc_community_house_2,
          grunt_orc_community_house_2, grunt_orc_community_house_1,
          grunt_orc_community_house_1

Skill      XL: |  1  2  3  4  5  6  7  8  9 10 11 12 13 14 |
---------------+-------------------------------------------+-----
Axes           | 4 5 6 7 9 10 12 13 15 16 | 16.7
Fighting       | 4 5 6 8 9 10 12 13 14 15 | 15.1
Armour         | 3 4 5 6 7 8 10 11 13 14 | 14.9
Dodging        | 3 4 5 6 8 9 10 12 14 15 | 15.2
Evocations     | 2 5 6 7 |  7.8

Action                     |  1- 3 |  4- 6 |  7- 9 | 10-12 | 13-15 || total
---------------------------+-------+-------+-------+-------+-------++-------
  Melee: Hand axe          |    77 |    66 |   232 |       |       ||   375
         Headbutt          |    17 |     7 |    52 |   131 |   135 ||   342
         Punch             |       |     4 |     3 |     4 |       ||    11
         Broad axe         |       |       |    72 |   377 |       ||   449
         Battleaxe         |       |       |       |   185 |   507 ||   692
         War axe           |       |       |       |    10 |       ||    10
 Invoke: Berserk           |       |     3 |     9 |     8 |       ||    20
         Trog's Hand       |       |       |       |     1 |     5 ||     6
         Brothers in Arms  |       |       |       |       |     1 ||     1
  Evoke: Wand              |       |       |    20 |     8 |    14 ||    42
    Use: Scroll            |     4 |       |    12 |    11 |     9 ||    36
         Potion            |       |       |       |     5 |     6 ||    11
   Stab: Sleeping          |     2 |       |       |       |       ||     2
         Invisible         |       |       |       |     4 |     2 ||     6
 Armour: Animal skin       |     6 |       |       |       |       ||     6
         Ring mail         |     6 |       |    51 |    10 |       ||    67
         Chain mail        |    18 |    34 |    62 |       |       ||   114
         Plate armour      |       |       |       |   416 |   273 ||   689
  Dodge: Dodged            |    36 |    26 |   190 |   410 |   331 ||   993
